 Dungeon Crawl Stone Soup version 0.28.0-43-g3370ac3207 (webtiles) character file.

Game seed: 7952567150964599225

283 bromine the Cudgeller (level 6, -9/91 HPs)
             Began as a Troll Berserker on Mar 25, 2022.
             Was a Believer of Trog.
             Killed by divine providence
             ... invoked by an orc priest
              (14 damage)
             ... on level 3 of the Dungeon.
             The game lasted 00:06:52 (2236 turns).

bromine the Cudgeller (Troll Berserker)             Turns: 2236, Time: 00:06:52

Health: -9/91      AC:  4    Str: 28    XL:     6   Next: 7%
Magic:  5/5        EV: 10    Int:  3    God:    Trog [**....]
Gold:   163        SH:  0    Dex:  9    Spells: 5/5 levels left

rFire   . . .      SeeInvis .   j - +2 scythe (venom)
rCold   . . .      Faith    .   (shield currently unavailable)
rNeg    . . .      Spirit   .   b - +0 animal skin
rPois   .          Reflect  .   (helmet restricted)
rElec   .          Harm     .   (no cloak)
rCorr   .          Rampage  .   (gloves unavailable)
Will    .....                   (boots unavailable)
Stlth   ..........              (no amulet)
HPRegen 1.05/turn               (no ring)
MPRegen 0.09/turn               (no ring)

@: berserking, very quick
A: large, unfitting armour, claws 3, regeneration 1, shaggy fur 1, tough skin 1
a: Renounce Religion, Berserk, Trog's Hand


You were on level 3 of the Dungeon.
You worshipped Trog.
Trog was pleased with you.
You visited 1 branch of the dungeon, and saw 4 of its levels.

You collected 163 gold pieces.

Inventory:

Hand Weapons
 a - a +0 mace
 g - a +0 dagger of flaming
 h - a +0 rapier
 j - a +2 scythe of venom (weapon)
Missiles
 r - 2 poisoned darts (quivered)
Armour
 b - a +0 animal skin (worn)
Wands
 m - a wand of polymorph (7)
Scrolls
 c - 5 scrolls of identify {unknown}
 f - 2 scrolls of blinking {unknown}
 k - a scroll of fog {unknown}
 l - a scroll of amnesia {unknown}
 o - 2 scrolls of brand weapon {unknown}
 q - a scroll of teleportation {unknown}
Potions
 d - a potion of berserk rage {unknown}
 e - a potion of might
 i - a potion of curing {unknown}
 n - a potion of attraction {unknown}
 p - a potion of cancellation {unknown}


   Skills:
 + Level 3.2 Fighting
 + Level 0.4 Short Blades
 + Level 4.1 Maces & Flails
 + Level 0.4 Polearms
 + Level 4.1 Dodging
 + Level 0.2 Stealth


You had 5 spell levels left.
You didn't know any spells.
Your spell library was empty.

Dungeon Overview and Level Annotations

Branches:
Dungeon (4/15)
 Temple: D:4-7

Altars:


Innate Abilities, Weirdness & Mutations

You are too large for most types of armour.
You have claws for hands.
Your natural rate of healing is unusually fast.
You are covered in fur. (AC +1)
You have tough skin. (AC +1)


Message History

Something hits you but does no damage.
You miss something. Something hits you but does no damage. Something hits you.
You miss something.
Something hits you but does no damage. x2
You miss something.
The orc priest miscasts a cantrip.
Something hits you. Something hits you but does no damage.
You hit something.
The orc priest looks satisfied for a moment.
Something hits you but does no damage. Something hits you.
You miss something. Something hits you but does no damage.
You hear some strange, mumbled words.
A puff of flame appears from out of thin air!
The puff of flame misses you.
You closely miss something.
An orc wizard appears from thin air!
Reactivating autopickup.
The orc wizard hits you with a +0 dagger.
The orc wizard hits you but does no damage.
You slash the orc wizard!
You kill the orc wizard!
Trog accepts your kill.
Trog appreciates your killing of a magic user.
The orc hits you with a +0 hand axe.
The orc priest calls down the wrath of Beogh upon you.
Beogh smites you!
You have reached level 6!
You feel stronger.
A red film seems to cover your vision as you go berserk!
You feel yourself moving faster!
You feel mighty! The orc closely misses you.
You barely miss the orc. The orc hits you with a +0 hand axe.
You closely miss the orc.
The orc priest invokes the aid of Beogh against you.
Beogh smites you!
* * * LOW HITPOINT WARNING * * *
The orc hits you with a +0 hand axe!
* * * LOW HITPOINT WARNING * * *
The orc hits you with a +0 hand axe.
* * * LOW HITPOINT WARNING * * *
The orc priest calls down the wrath of Beogh upon you.
Beogh smites you!
You die...

+.......####
####....#
##.#.##
###..# ##.# #
#.# #.. #.#
.....######.#
....ooo@....#
.....########
... .


You could see an orc priest and 2 orcs.

Vanquished Creatures
  Sigmund (D:2)
  An orc wizard (D:3)
  Robin (D:2)
  An adder (D:2)
  A worm (D:4)
  2 dart slugs (D:1)
  An orc (D:3)
  8 endoplasms
  3 giant cockroaches
  16 goblins
  4 hobgoblins
  9 ball pythons
  6 bats
  5 frilled lizards
  7 kobolds
  5 rats (D:1)
71 creatures vanquished.

Notes
Turn   | Place    | Note
-------+----------+-------------------------------------------
     0 | D:1      | bromine the Troll Berserker began the quest for the Orb.
     0 | D:1      | Reached XP level 1. HP: 22/22 MP: 0/0
    91 | D:1      | Reached XP level 2. HP: 29/29 MP: 1/1
   181 | D:1      | Reached ** piety under Trog
   256 | D:1      | Reached XP level 3. HP: 32/36 MP: 2/2
   320 | D:1      | Found a faded altar of an unknown god.
   683 | D:2      | Noticed Robin
   721 | D:2      | HP: 1/36 [goblin/+0 dagger[Robin] (3)]
   752 | D:2      | Killed Robin
   753 | D:2      | Reached XP level 4. HP: 25/44 MP: 3/3
   837 | D:2      | Noticed Sigmund
   846 | D:2      | Killed Sigmund
   847 | D:2      | Reached XP level 5. HP: 35/53 MP: 4/4
  1576 | D:2      | You fall into a shaft and drop 2 floors!
  2234 | D:3      | Reached XP level 6. HP: 21/61 MP: 5/5
  2236 | D:3      | Killed from afar by an orc priest

Illustrated notes

Levels and vault maps discovered:
D:1:      lemuel_arrival_funnel, layout_rooms,
          shapermc_ecumenical_altar_totnotflames
D:2:      layout_loops_corners, uniq_robin, uniq_sigmund
D:3:      layout_loops_corners
D:4:      layout_basic

Skill      XL: |  1  2  3  4 |
---------------+-------------+-----
Maces & Flails | 3 4 |  4.1
Dodging        | 3 4 |  4.1
Fighting       | 3 |  3.2
Short Blades   | |  0.4
Polearms       | |  0.4
Stealth        | |  0.2

Action                   |  1- 3 |  4- 6 || total
-------------------------+-------+-------++-------
Melee: Mace              |   138 |       ||   138
       Rapier            |       |     7 ||     7
       Scythe            |       |    75 ||    75
Invok: Berserk           |     2 |     2 ||     4
       Trog's Hand       |     1 |       ||     1
  Use: Potion            |       |     1 ||     1
Armor: Animal skin       |   109 |    57 ||   166
Dodge: Dodged            |   154 |    83 ||   237
